 Dungeon Crawl Stone Soup version 0.27-a0-681-g0c81a3c1c3 (webtiles) character file.

Game seed: 17145517337230632469

337 rjrrt the Chopper (level 6, 40/47 HPs)
             Began as a Demonspawn Berserker on Mar 20, 2021.
             Was a Priest of Trog.
             Quit the game on level 4 of the Dungeon.
             The game lasted 00:08:29 (3457 turns).

rjrrt the Chopper (Demonspawn Berserker)            Turns: 3457, Time: 00:08:30

Health: 40/47      AC: 13    Str: 19    XL:     6   Next: 28%
Magic:  6/6        EV: 11    Int:  8    God:    Trog [***...]
Gold:   93         SH:  0    Dex: 13    Spells: 5/5 levels left

rFire    . . .     SeeInvis .   a - +0 hand axe
rCold    . . .     Faith    .   (no shield)
rNeg     . . .     Spirit   .   b - +1 ring mail {rPois}
rPois    +         Reflect  .   (no helmet)
rElec    .         Harm     .   e - +1 cloak
rCorr    .         Rampage  .   t - +0 pair of gloves
Will     .....                  q - +0 pair of boots
Stlth    +.........             (no amulet)
HPRegen  0.15/turn              (no ring)
MPRegen  0.10/turn              (no ring)

@: berserk cooldown
A: talons 1, thin metallic scales 2, demonic magic 1
a: Renounce Religion, Berserk, Trog's Hand


You were on level 4 of the Dungeon.
You worshipped Trog.
Trog was most pleased with you.
You visited 1 branch of the dungeon, and saw 4 of its levels.

You collected 93 gold pieces.

Inventory:

Hand Weapons
 a - a +0 hand axe (weapon)
 i - a +0 spear
 r - a +0 flail
 s - a +0 trident
Missiles
 l - 24 poisoned darts (quivered)
Armour
 b - a +1 ring mail of poison resistance (worn)
 e - a +1 cloak (worn)
 q - a +0 pair of boots (worn)
 t - a +0 pair of gloves (worn)
Jewellery
 j - a ring of ice
Scrolls
 f - 2 scrolls of teleportation
 g - a scroll of enchant armour {unknown}
 k - 2 scrolls of amnesia {unknown}
 n - 3 scrolls of fear {unknown}
Potions
 c - 2 potions of mutation
 d - a potion of curing
 p - a potion of berserk rage {unknown}


   Skills:
 - Level 3.0 Fighting
 + Level 6.5 Axes
 - Level 1.7 Armour
 - Level 1.7 Dodging


You had 5 spell levels left.
You didn't know any spells.
Your spell library was empty.

Dungeon Overview and Level Annotations

Branches:
Dungeon (4/15)
 Temple: D:4-7

Altars:
Makhleb
Ru
Xom
Yredelemnul

Annotations:
D:4 2 transporters


Innate Abilities, Weirdness & Mutations

You have sharp toenails.
You are mostly covered in thin metallic scales. (AC +3)
Spells you cast may paralyse adjacent enemies.


Message History

You kill the orc priest!
Trog accepts your kill.
You barely miss the orc priest.
Unknown command.
You slash the orc priest!
You kill the orc priest!
Trog accepts your kill.
No reachable target in view!
No reachable target in view!
Things that are here:
a +0 hand axe; a +0 leather armour; an orc corpse You feel a strong urge to attack something.
Things that are here:
a +0 short sword; a +0 short sword You feel your anger nearly subside.
You are no longer berserk.
You are exhausted.
You feel yourself slow down.
Found a sharpened lead wand.
k - 2 scrolls labelled BIULOJ XIPLOEMY (gained 1)
The shadow imp shouts, "Back with thee, thou reeling-ripe weevil-witted pustule!"
Found a transporter.
Found 12 gold pieces.
There is a stone staircase leading up here.
You start resting.
The shadow imp shouts, "Scamper home, thou goatish doghearted frater!"
The shadow imp picks up a beetle and eats it.
The shadow imp lashes its tail.
You feel yourself speed up.
Enter note: Unknown command.
Enter note: Unknown command.
Unknown command.
Unknown command.
Unknown command.
Unknown command.
Unknown command.
Unknown command.
Unknown command.
Are you sure you want to abandon this character and quit the game? (Confirm with "yes".)

....#..#$)#..≈≈≈..#
......©#©?+..≈⌠≈.?+/©#©.
....<..#$.#..≈≈≈..#..#..
...†...#P.#≈≈≈≈≈≈≈#.P#.#
.......#8≈#...55o.#P8#.#
.......###############.
......................
......#####.......######
......######....@.......
...............).#^.....
.....#######....)# ....$
#...# #.....# .... ####
####### ... .. #


You could see an orc priest and 2 shadow imps.

Vanquished Creatures
  A scorpion (D:3)
  The ghost of jasper the Ruffian, a weakling VSTm (D:3)
  2 orc priests (D:4)
  Crazy Yiuf (D:3)
  A hound skeleton (D:4)
  A worker ant zombie (D:3)
  3 adders
  2 oozes (D:3)
  6 worms
  2 dart slugs
  2 leopard geckos (D:2)
  14 orcs
  3 giant cockroaches
  5 goblins
  7 hobgoblins
  4 jackals (D:2)
  6 kobolds
  A quokka (D:2)
  2 bats
  4 frilled lizards
  A giant cockroach zombie (D:3)
  7 rats
76 creatures vanquished.

Notes
Turn   | Place    | Note
-------+----------+-------------------------------------------
     0 | D:1      | rjrrt the Demonspawn Berserker began the quest for the Orb.
     0 | D:1      | Reached XP level 1. HP: 18/18 MP: 1/1
   607 | D:1      | Reached skill level 3 in Axes
  1004 | D:2      | Gained mutation: You have sharp toenails. [demonic
                  | ancestry]
  1004 | D:2      | Reached XP level 2. HP: 22/24 MP: 2/2
  1179 | D:2      | Found a burning altar of Makhleb.
  1179 | D:2      | Found a shimmering altar of Xom.
  1197 | D:2      | Gained mutation: You are partially covered in thin metallic
                  | scales. (AC +2) [demonic ancestry]
  1197 | D:2      | Reached XP level 3. HP: 29/29 MP: 3/3
  1299 | D:2      | Found a sacrificial altar of Ru.
  1443 | D:2      | Reached skill level 4 in Axes
  1669 | D:2      | Reached ** piety under Trog
  2085 | D:3      | Noticed a scorpion
  2093 | D:3      | Gained mutation: You are mostly covered in thin metallic
                  | scales. (AC +3) [demonic ancestry]
  2093 | D:3      | Reached XP level 4. HP: 35/35 MP: 4/4
  2096 | D:3      | Reached skill level 5 in Axes
  2269 | D:3      | Reached XP level 5. HP: 41/41 MP: 5/5
  2393 | D:3      | Found a runed translucent door.
  2394 | D:3      | Noticed Crazy Yiuf
  2401 | D:3      | Killed Crazy Yiuf
  2976 | D:3      | Found a runed translucent gate.
  2976 | D:3      | Found a runed translucent gate.
  2976 | D:3      | Found a runed translucent gate.
  2976 | D:3      | Noticed jasper's ghost (weakling VSTm)
  2978 | D:3      | Found a basalt altar of Yredelemnul.
  3011 | D:3      | Killed jasper's ghost
  3012 | D:3      | Reached skill level 6 in Axes
  3057 | D:3      | Reached *** piety under Trog
  3397 | D:4      | Found a transporter.
  3428 | D:4      | Gained mutation: Spells you cast may paralyse adjacent
                  | enemies. [demonic ancestry]
  3428 | D:4      | Reached XP level 6. HP: 34/47 MP: 6/6
  3439 | D:4      | Found a transporter.
  3457 | D:4      | Quit the game

Illustrated notes

Levels and vault maps discovered:
D:1:      dpeg_arrival_pond, layout_loops_cross
D:2:      layout_basic, chequers_temple_overflow_statue_of_worship,
          lemuel_coloured_pillars_altar, minmay_pentomino_t4
D:3:      layout_loops_ring, nicolae_yredelemnul_ghost_church,
          uniq_crazy_yiuf_cottage
D:4:      gammafunk_wand_slinger, layout_rooms, serial_shops, shop

Skill      XL: |  1  2  3  4  5 |
---------------+----------------+-----
Axes           | 3 4 5 6 |  6.5
Fighting       | |  3.0
Armour         | |  1.7
Dodging        | |  1.7

Action                   |  1- 3 |  4- 6 || total
-------------------------+-------+-------++-------
Melee: Hand axe          |   109 |   127 ||   236
       Kick              |    20 |    15 ||    35
Invok: Berserk           |     4 |     3 ||     7
  Use: Scroll            |       |     5 ||     5
 Stab: Sleeping          |     2 |       ||     2
Armor: Ring mail         |    45 |    39 ||    84
       Animal skin       |     2 |       ||     2
Dodge: Dodged            |    62 |    62 ||   124

Table legend: (Time is in decaauts)
 A = Elapsed time spent in this place.
 B = Non-inter-level travel time spent in this place.
 C = Inter-level travel time spent in this place.
 D = Time resting spent in this place.
 E = Time spent auto-exploring this place.
 F = Levels seen in this place.
 G = Mean time per level.
                   A        B        C        D        E       F      G
               +--------+--------+--------+--------+--------+-----+--------+
         Total |   3532 |   3401 |    131 |    178 |   2542 |   4 |  883.0 |
       Dungeon |   3532 |   3401 |    131 |    178 |   2542 |   4 |  883.0 |
               +--------+--------+--------+--------+--------+-----+--------+

Top non-repeatable levels by time:
     D:3: 1295 daAuts
     D:2: 1191 daAuts
     D:1: 978 daAuts
     D:4: 67 daAuts
